AoeStats
← Albanian Terrorist

Arena

508277773Analyzed
1v1 RM · 10d ago on Sep 21, 2026· 44m 0s· 2 players
Game mode
Random Map
Map size
Tiny (2 player)
Population
200
Speed
Normal
Resources
Standard
Victory
Conquest
Starting age
Dark Age
Ending age
Imperial Age
RankedLock teamsTeams togetherTeam positionsShared explorationLock speedFull tech treeHidden civsTurbo modeCheats
Victory
Defeat
🇨🇿 Lithuanians · Czechia
754
+14
🇬🇷 Bulgarians · Greece
719
-14
Albanian Terrorist
12:20 Feudal Age
18:23 Castle Age
19:10 Double-Bit Axe
19:07 Horse Collar
30:10 Imperial Age
28:05 Forging
28:32 Scale Mail Armor
28:25 Fletching
28:41 Scale Barding Armor
29:43 Padded Archer Armor
30:11 Squires
30:06 Arson
32:33 Bow Saw
32:25 Heavy Plow
35:20 Pikeman
36:41 Crop Rotation
37:45 Gold Mining
39:00 Stirrups
40:13 Ballistics
39:50 Murder Holes
39:50 Halberdier
40:55 Chain Mail Armor
41:15 Iron Casting
43:25 Masonry
OnaSiS
10:13 Feudal Age
11:00 Double-Bit Axe
10:57 Horse Collar
18:30 Castle Age
20:34 Bow Saw
20:26 Heavy Plow
21:30 Husbandry
21:41 Bloodlines
21:40 Loom
30:58 Imperial Age
29:53 Wheelbarrow
29:12 Fletching
29:27 Scale Barding Armor
29:33 Forging
29:19 Crossbowman
30:59 Cavalier
32:02 Conscription
31:47 Stone Mining
31:57 Gold Mining
32:32 Chain Barding Armor
32:08 Bodkin Arrow
33:48 Paladin
37:01 Padded Archer Armor
37:01 Scale Mail Armor
37:37 Iron Casting
37:48 Ballistics
39:50 Chemistry
38:19 Elite Skirmisher
39:34 Light Cavalry
41:16 Plate Barding Armor
40:26 Winged Hussar
Connection lost

Rejoining the realm…

Still unreachable

The connection could not be restored.

Session expired

The server has moved on; the page needs a fresh start.